| 
	| TOP OF THE 1ST | 
|---|
 
		| Birmingham Barons batting - Pitching for Erie SeaWolves : RHP Andy Miller |  
		| Pitching: RHP Andy Miller |  |  
		| Batting: RHB Zach Hulme | 0-0: Called Strike 0-1: Called Strike
 0-2: Ball
 1-2: Strikes out swinging
 |  
		| Batting: LHB Brandon Hopper | 0-0: Called Strike 0-1: Foul Ball, location: 2F
 0-2:  Fly out, F5  (Line Drive, 56, EV 68.8 MPH)
 |  
		| Batting: RHB Guillermo Mojica | 0-0: Called Strike 0-1: Foul Ball, location: 2F
 0-2: Ball
 1-2: Ball
 2-2: Foul Ball, location: 2F
 2-2:  Fly out, F9  (Flyball, 9S, EV 82.5 MPH)
 |  
		| Top of the 1st over - 0 runs, 0 hits, 0 errors, 0 left on base; Birmingham 0 - Erie 0 |  
	| BOTTOM OF THE 1ST | 
|---|
 
		| Erie SeaWolves batting - Pitching for Birmingham Barons : RHP Tristan Vollmer |  
		| Pitching: RHP Tristan Vollmer |  |  
		| Batting: RHB Brandon O'Malley | 0-0: Foul Ball, location: 2F 0-1: Ball
 1-1: Bunt missed!
 1-2:  Fly out, F7  (Flyball, 7, EV 91.2 MPH)
 |  
		| Batting: RHB Adam MacConnell | 0-0: Ground out 5-3 (Groundball, 56, EV 80.0 MPH) |  
		| Batting: RHB John Evancho | 0-0: Called Strike 0-1: Foul Ball, location: 2F
 0-2: Strikes out looking
 |  
		| Bottom of the 1st over - 0 runs, 0 hits, 0 errors, 0 left on base; Birmingham 0 - Erie 0 |  
	| TOP OF THE 2ND | 
|---|
 
		| Birmingham Barons batting - Pitching for Erie SeaWolves : RHP Andy Miller |  
		| Batting: LHB Josh Pittman | 0-0: Called Strike 0-1: Ball
 1-1:  Fly out, F6  (Popup, 6M, EV 71.9 MPH)
 |  
		| Batting: LHB Carlos Ramirez | 0-0: Ball 1-0: Ball
 2-0: SINGLE  (Groundball, 4MD, EV 104.4 MPH)
 |  
		| Batting: RHB Toichiro Fujimoto | 0-0: Called Strike 0-1: Foul Ball, location: 2F
 0-2: Foul Ball, location: 2F
 0-2: Strikes out swinging
 |  
		| Batting: LHB Herkko Haavikko | 0-0: Ball 1-0: Ball
 2-0: Called Strike
 2-1: Called Strike
 2-2: Ball
 3-2: Ground out 4-3 (Groundball, 34D, EV 89.4 MPH)
 |  
		| Top of the 2nd over - 0 runs, 1 hit, 0 errors, 1 left on base; Birmingham 0 - Erie 0 |  
	| BOTTOM OF THE 2ND | 
|---|
 
		| Erie SeaWolves batting - Pitching for Birmingham Barons : RHP Tristan Vollmer |  
		| Batting: RHB Eric Angelle | 0-0: Ball 1-0: Ball
 2-0: Ground out 4-3 (Groundball, 4, EV 105.0 MPH)
 |  
		| Batting: RHB Tanner Purchase | 0-0: Called Strike 0-1:  Fly out, F3  (Popup, 23F, EV 78.1 MPH)
 |  
		| Batting: LHB Luis Dominguez | 0-0: Ball 1-0: Called Strike
 1-1: Ball
 2-1:  Fly out, F7  (Line Drive, 7, EV 105.0 MPH)
 |  
		| Bottom of the 2nd over - 0 runs, 0 hits, 0 errors, 0 left on base; Birmingham 0 - Erie 0 |  
	| TOP OF THE 3RD | 
|---|
 
		| Birmingham Barons batting - Pitching for Erie SeaWolves : RHP Andy Miller |  
		| Batting: LHB Jose Duran | 0-0: Ball 1-0: Ground out 3-1 (Groundball, 34S, EV 85.6 MPH)
 |  
		| Batting: RHB Santos Guadalupe | 0-0:  Fly out, F7  (Flyball, 7, EV 87.5 MPH) |  
		| Batting: RHB Zach Hulme | 0-0: Ball 1-0: Called Strike
 1-1: Swinging Strike
 1-2: Strikes out swinging
 |  
		| Top of the 3rd over - 0 runs, 0 hits, 0 errors, 0 left on base; Birmingham 0 - Erie 0 |  
	| BOTTOM OF THE 3RD | 
|---|
 
		| Erie SeaWolves batting - Pitching for Birmingham Barons : RHP Tristan Vollmer |  
		| Batting: RHB Willie Ochoa | 0-0: Called Strike 0-1: Ball
 1-1: Foul Ball, location: 2F
 1-2: Foul Ball, location: 2F
 1-2:  Fly out, F7  (Flyball, 78D, EV 90.0 MPH)
 |  
		| Batting: RHB Victor Reyes | 0-0: Swinging Strike 0-1: Swinging Strike
 0-2: Ball
 1-2: Ball
 2-2: Ball
 3-2: Base on Balls
 |  
		| Batting: RHB Jordan Hall | 0-0: Foul Ball, location: 2F 0-1: Ball
 1-1: Foul Ball, location: 2F
 1-2: Foul Ball, location: 2F
 1-2: DOUBLE  (Flyball, 8LXD, EV 104.4 MPH)
 Victor Reyes to third
 |  
		| Batting: RHB Brandon O'Malley | 0-0: Ball 1-0: Swinging Strike
 1-1:  Fly out, F8  (Flyball, 8LD, EV 99.4 MPH)
 Runner from 3rd tags up, SCORES, throw by CF
 Jordan Hall to third
 |  
		| Batting: RHB Adam MacConnell | 0-0: SINGLE  (Groundball, 25, EV 63.1 MPH) (infield hit) Jordan Hall scores
 |  
		| Batting: RHB John Evancho | 0-0: Fielders Choice at 2nd, 5-4 (Groundball, 56D, EV 86.9 MPH) |  
		| Bottom of the 3rd over - 2 runs, 2 hits, 0 errors, 1 left on base; Birmingham 0 - Erie 2 |  
	| TOP OF THE 4TH | 
|---|
 
		| Birmingham Barons batting - Pitching for Erie SeaWolves : RHP Andy Miller |  
		| Batting: LHB Brandon Hopper | 0-0: Called Strike 0-1: Ball
 1-1: Called Strike
 1-2: Ground out 4-3 (Groundball, 34, EV 98.1 MPH)
 |  
		| Batting: RHB Guillermo Mojica | 0-0: Ball 1-0: Called Strike
 1-1: Foul Ball, location: 2F
 1-2: Foul Ball, location: 2F
 1-2: Ball
 2-2: Ball
 3-2: Strikes out swinging
 |  
		| Batting: LHB Josh Pittman | 0-0: Swinging Strike 0-1: Ball
 1-1: Called Strike
 1-2: Ball
 2-2: Ball
 3-2: Base on Balls
 |  
		| Batting: LHB Carlos Ramirez | 0-0: Called Strike 0-1: Swinging Strike
 0-2: Strikes out looking
 |  
		| Top of the 4th over - 0 runs, 0 hits, 0 errors, 1 left on base; Birmingham 0 - Erie 2 |  
	| BOTTOM OF THE 4TH | 
|---|
 
		| Erie SeaWolves batting - Pitching for Birmingham Barons : RHP Tristan Vollmer |  
		| Batting: RHB Eric Angelle | 0-0: Called Strike 0-1: Ball
 1-1: Ball
 2-1: Foul Ball, location: 2F
 2-2: SINGLE  (Flyball, 78S, EV 96.9 MPH)
 |  
		| Batting: RHB Tanner Purchase | 0-0: Ball 1-0: Ball
 2-0: Ball
 3-0: Called Strike
 3-1: Base on Balls
 Eric Angelle to second
 |  
		| Batting: LHB Luis Dominguez | 0-0: Foul Ball, location: 2F 0-1: Ball
 1-1: Ball
 2-1: Ball
 3-1: Fielders Choice at 2nd, 3-6 (Groundball, 3, EV 103.1 MPH)
 Eric Angelle to third
 |  
		| Batting: RHB Willie Ochoa | 0-0: Ball 1-0: Called Strike
 1-1: Ball
 2-1:  Fly out, F8  (Flyball, 8RS, EV 85.6 MPH)
 |  
		| Batting: RHB Victor Reyes | 0-0:  Fly out, F9  (Flyball, 9LM, EV 90.0 MPH) |  
		| Bottom of the 4th over - 0 runs, 1 hit, 0 errors, 2 left on base; Birmingham 0 - Erie 2 |  
	| TOP OF THE 5TH | 
|---|
 
		| Birmingham Barons batting - Pitching for Erie SeaWolves : RHP Andy Miller |  
		| Batting: RHB Toichiro Fujimoto | 0-0: Ground out 5-3 (Groundball, 56, EV 85.6 MPH) |  
		| Batting: LHB Herkko Haavikko | 0-0: Called Strike 0-1: Foul Ball, location: 2F
 0-2: Ball
 1-2: Reached on error, E5 (Groundball, 5L, EV 79.4 MPH)
 |  
		| Batting: LHB Jose Duran | 0-0: Reached on error, E6 (Groundball, 6, EV 100.6 MPH) Herkko Haavikko to second
 |  
		| Batting: RHB Santos Guadalupe | 0-0: Swinging Strike 0-1: Called Strike
 0-2: Strikes out swinging
 |  
		| Pinch Hitting: LHB Ryan Dyal | 0-0: Called Strike 0-1: Called Strike
 0-2: Foul Ball, location: 2F
 0-2: Ground out 3-1 (Groundball, 34, EV 91.9 MPH)
 |  
		| Top of the 5th over - 0 runs, 0 hits, 2 errors, 2 left on base; Birmingham 0 - Erie 2 |  
	| BOTTOM OF THE 5TH | 
|---|
 
		| Erie SeaWolves batting - Pitching for Birmingham Barons : RHP Tristan Vollmer |  
		| Now at 2B: Ryan Dyal |  |  
		| Now at 3B: Guillermo Mojica |  |  
		| Batting: RHB Jordan Hall | 0-0: Swinging Strike 0-1: Ground out 5-3 (Groundball, 56, EV 105.0 MPH)
 |  
		| Batting: RHB Brandon O'Malley | 0-0: SINGLE  (Groundball, 4M, EV 88.1 MPH) (infield hit) |  
		| Batting: RHB Adam MacConnell | 0-0: Called Strike Brandon O'Malley steals 2nd, throwing error, E2
 Brandon O'Malley to third
 0-1: Swinging Strike
 0-2: Strikes out swinging
 |  
		| Batting: RHB John Evancho | 0-0: TRIPLE  (Flyball, 89XD, EV 93.1 MPH) Brandon O'Malley scores
 |  
		| Batting: RHB Eric Angelle | 0-0: Ball 1-0: Ground out 4-3 (Groundball, 4, EV 90.0 MPH)
 |  
		| Bottom of the 5th over - 1 run, 2 hits, 1 error, 1 left on base; Birmingham 0 - Erie 3 |  
	| TOP OF THE 6TH | 
|---|
 
		| Birmingham Barons batting - Pitching for Erie SeaWolves : RHP Andy Miller |  
		| Batting: LHB Brandon Hopper | 0-0: Called Strike 0-1:  Fly out, F9  (Flyball, 9D, EV 81.2 MPH)
 |  
		| Batting: RHB Guillermo Mojica | 0-0: Ball 1-0: Called Strike
 1-1: Ball
 2-1:  Fly out, F8  (Flyball, 8RM, EV 80.0 MPH)
 |  
		| Batting: LHB Josh Pittman | 0-0: Called Strike 0-1: SINGLE  (Groundball, 4D, EV 104.4 MPH)
 |  
		| Batting: LHB Carlos Ramirez | 0-0: Swinging Strike 0-1: Ball
 1-1: Ball
 2-1: Foul Ball, location: 2F
 2-2: Ball
 3-2: Foul Ball, location: 2F
 3-2: Foul Ball, location: 2F
 3-2:  2-RUN HOME RUN  (Flyball, 7D, EV 103.8 MPH), Distance : 385 ft
 |  
		| Batting: RHB Toichiro Fujimoto | 0-0:  Fly out, F3  (Popup, 3SF, EV 82.5 MPH) |  
		| Top of the 6th over - 2 runs, 2 hits, 0 errors, 0 left on base; Birmingham 2 - Erie 3 |  
	| BOTTOM OF THE 6TH | 
|---|
 
		| Erie SeaWolves batting - Pitching for Birmingham Barons : RHP Tristan Vollmer |  
		| Batting: RHB Tanner Purchase | 0-0: Ball 1-0: Swinging Strike
 1-1: Foul Ball, location: 2F
 1-2: Foul Ball, location: 2F
 1-2: Strikes out looking
 |  
		| Batting: LHB Luis Dominguez | 0-0: Ball 1-0: Ball
 2-0: Called Strike
 2-1: Foul Ball, location: 2F
 2-2: Ball
 3-2:  Fly out, F9  (Line Drive, 9, EV 91.2 MPH)
 |  
		| Batting: RHB Willie Ochoa | 0-0: DOUBLE  (Line Drive, 78D, EV 107.5 MPH) |  
		| Batting: RHB Victor Reyes | 0-0: Called Strike 0-1: Ball
 1-1: Called Strike
 1-2: Ground out 4-3 (Groundball, 4, EV 86.9 MPH)
 |  
		| Bottom of the 6th over - 0 runs, 1 hit, 0 errors, 1 left on base; Birmingham 2 - Erie 3 |  
	| TOP OF THE 7TH | 
|---|
 
		| Birmingham Barons batting - Pitching for Erie SeaWolves : RHP Andy Miller |  
		| Pitching: RHP Branden Maynard |  |  
		| Batting: LHB Herkko Haavikko | 0-0: Ball 1-0:  Fly out, F8  (Flyball, 8LXD, EV 100.0 MPH)
 |  
		| Batting: LHB Jose Duran | 0-0: Ball 1-0: Called Strike
 1-1: Ball
 2-1: Ball
 3-1: Ground out 1-3 (Groundball, 15S, EV 73.8 MPH)
 |  
		| Batting: RHB Santos Guadalupe | 0-0: Ball 1-0: Ground out 4-3 (Groundball, 4, EV 105.0 MPH)
 |  
		| Top of the 7th over - 0 runs, 0 hits, 0 errors, 0 left on base; Birmingham 2 - Erie 3 |  
	| BOTTOM OF THE 7TH | 
|---|
 
		| Erie SeaWolves batting - Pitching for Birmingham Barons : RHP Tristan Vollmer |  
		| Pitching: RHP Jose Vigil |  |  
		| Batting: RHB Jordan Hall | 0-0: Called Strike 0-1: Ball
 1-1: Ground out U3 (Groundball, 34, EV 103.8 MPH)
 |  
		| Batting: RHB Brandon O'Malley | 0-0: Called Strike 0-1: Called Strike
 0-2: Ball
 1-2: Strikes out swinging
 |  
		| Batting: RHB Adam MacConnell | 0-0: Ball 1-0: Foul Ball, location: 2F
 1-1: Ball
 2-1: Foul Ball, location: 2F
 2-2: Foul Ball, location: 2F
 2-2: Strikes out swinging
 |  
		| Bottom of the 7th over - 0 runs, 0 hits, 0 errors, 0 left on base; Birmingham 2 - Erie 3 |  
	| TOP OF THE 8TH | 
|---|
 
		| Birmingham Barons batting - Pitching for Erie SeaWolves : RHP Branden Maynard |  
		| Batting: LHB Ryan Dyal | 0-0: Called Strike 0-1: Foul Ball, location: 2F
 0-2: Ball
 1-2: Strikes out swinging
 |  
		| Batting: LHB Brandon Hopper | 0-0: Ball 1-0: Called Strike
 1-1: Ground out 6-3 (Groundball, 56S, EV 86.2 MPH)
 |  
		| Batting: RHB Guillermo Mojica | 0-0: Ball 1-0: Ball
 2-0: SINGLE  (Groundball, 4MS, EV 68.1 MPH) (infield hit)
 |  
		| Batting: LHB Josh Pittman | 0-0: Ball 1-0: Called Strike
 1-1: Ball
 2-1: Ball
 3-1: Swinging Strike
 3-2: Strikes out swinging
 |  
		| Top of the 8th over - 0 runs, 1 hit, 0 errors, 1 left on base; Birmingham 2 - Erie 3 |  
	| BOTTOM OF THE 8TH | 
|---|
 
		| Erie SeaWolves batting - Pitching for Birmingham Barons : RHP Jose Vigil |  
		| Batting: RHB John Evancho | 0-0: Foul Ball, location: 2F 0-1: Foul Ball, location: 2F
 0-2: Ground out 3-1 (Groundball, 34S, EV 82.5 MPH)
 |  
		| Batting: RHB Eric Angelle | 0-0: Foul Ball, location: 2F 0-1: Ball
 1-1: Ball
 2-1: Ball
 3-1: Base on Balls
 |  
		| Batting: RHB Tanner Purchase | 0-0: Called Strike 0-1: Ball
 1-1: Ball
 2-1: Swinging Strike
 2-2: Strikes out looking
 Eric Angelle steals 2nd base
 Batter strikes out.
 |  
		| Batting: LHB Luis Dominguez | 0-0: Ball 1-0: Ground out 6-3 (Groundball, 56, EV 103.1 MPH)
 |  
		| Bottom of the 8th over - 0 runs, 0 hits, 0 errors, 1 left on base; Birmingham 2 - Erie 3 |  
	| TOP OF THE 9TH | 
|---|
 
		| Birmingham Barons batting - Pitching for Erie SeaWolves : RHP Branden Maynard |  
		| Pitching: RHP Cameron Maxwell |  |  
		| Now in RF: Shohei Fujii |  |  
		| Batting: LHB Carlos Ramirez | 0-0: Foul Ball, location: 2F 0-1: Called Strike
 0-2: Ball
 1-2: Ball
 2-2: Ground out 6-3 (Groundball, P, EV 87.5 MPH)
 |  
		| Pinch Hitting: LHB Ryan Karg | 0-0: Ball 1-0: Foul Ball, location: 2F
 1-1: DOUBLE  (Flyball, 78D, EV 90.6 MPH)
 |  
		| Batting: LHB Herkko Haavikko | 0-0: Foul Ball, location: 2F 0-1: Ball
 1-1: Foul Ball, location: 2F
 1-2: Ball
 2-2: Ball
 3-2: Strikes out looking
 |  
		| Batting: LHB Jose Duran | 0-0: Foul Ball, location: 2F 0-1: Called Strike
 0-2: Ball
 1-2: Ball
 2-2: Ball
 3-2: Strikes out swinging
 |  
		| Top of the 9th over - 0 runs, 1 hit, 0 errors, 1 left on base; Birmingham 2 - Erie 3 |  |